 Dungeon Crawl Stone Soup version 0.31-a0-1010-g5322dac6a2 (webtiles) character file.

Game seed: 11251926447839918095

59 kae the Vexing (level 3, 13/24 HPs)
             Began as a Demonspawn Enchanter on Nov 16, 2023.
             Quit the game on level 3 of the Dungeon.
             The game lasted 00:01:24 (1489 turns).

kae the Vexing (Demonspawn Enchanter)               Turns: 1489, Time: 00:01:25

Health: 13/24      AC:  2    Str: 16    XL:     3   Next: 78%
Magic:  2/6        EV: 12    Int: 16    God:
Gold:   122        SH:  0    Dex: 13    Spells: 4/6 levels left

rFire   . . .        f - +1 dagger (speed)
rCold   . . .        (no shield)
rNeg    . . .        b - +0 robe
rPois   .            (no helmet)
rElec   .            (no cloak)
rCorr   .            (no gloves)
SInv    .            (no boots)
Will    .....        (no amulet)
Stlth   ++           S - +6 ring of strength
HPRegen 0.24/turn    (no ring)
MPRegen 0.10/turn

%: no passive effects
@: very slightly contaminated
A: demonic guardian 1, foul stench 1
a: no special abilities


You were on level 3 of the Dungeon.
You visited 1 branch of the dungeon, and saw 4 of its levels.

You collected 122 gold pieces.


Innate Abilities, Weirdness & Mutations

A weak demonic guardian rushes to your aid.
You may rarely emit foul miasma when damaged in melee.


   Skills:
 * Level 2.2 Short Blades
 - Level 1.7 Dodging
 + Level 3.1 Stealth
 + Level 2.3 Spellcasting
 + Level 3.3 Hexes
 + Level 0.6 Ice Magic


You had 4 spell levels left.
You knew the following spells:

 Your Spells              Type           Power      Damage    Failure   Level
a - Ensorcelled Hibernat  Hex/Ice        16%        N/A       13%         2

Your spell library contained the following spells:

 Spells                   Type           Power      Damage    Failure   Level
 Confusing Touch          Hex            12%        N/A       16%         3
 Tukima's Dance           Hex            12%        N/A       16%         3
 Dazzling Flash           Conj/Hex       14%        N/A       30%         3
 Animate Armour           Summ/Erth      2%         N/A       89%         4
 Summon Lightning Spire   Summ/Air       1%         N/A       89%         4
 Lee's Rapid Deconstruct  Erth           0%         3d4*      99%         5

Inventory:

Hand Weapons
 a - a +1 dagger
 f - a +1 dagger of speed (weapon)
   (You took it off a goblin on level 2 of the Dungeon)
Missiles
 g - 15 stones
 j - 6 poisoned darts
Armour
 b - a +0 robe (worn)
Magical Staves
 h - a staff of cold {!a}
   (You found it on level 1 of the Dungeon)
Jewellery
 S - a +6 ring of strength (left hand)
   (You found it on level 2 of the Dungeon)
Potions
 c - 2 potions of invisibility
 d - a potion of curing {@q1}
 e - a potion of mutation {unknown}
 i - a potion of enlightenment {unknown}

Dungeon Overview and Level Annotations

Branches:
Dungeon (4/15) Zot: 22534
 Temple: D:4-7

Altars:

### ....... #..
g...... #.# .......
#.. #.....# #.# #w...#
##.## #...#
##.###...#########...#
..?....@......(...>..#
.#.###...#########..##
......## #..# #.####.#
#..# ... ...# ...#
#.## ###.. ..# ### ###


There were no monsters in sight!


Message History

You start resting.
Your iron imp disappears in a puff of smoke! 😕 HP[+8] MP[+3]
You regained 8 hp, and now have 20/24 hp.
You regained 3 mp, and now have 4/6 mp.
g - 9 stones (gained 4)
Things that are here:
a +0 dagger; a rat corpse You now have 122 gold pieces (gained 12).
You open the door.
There is an open door here.
A hobgoblin comes into view. 😎 HP[+4] MP[+2]
Your hp is fully restored (24).
Your mp is fully restored (6).
A hobgoblin is nearby!
A hobgoblin is nearby!
The hobgoblin shouts!
A hobgoblin is nearby!
You hit the hobgoblin. The hobgoblin misses you.
A hobgoblin is nearby!
You hit the hobgoblin but do no damage. The hobgoblin closely misses you.
You hit the hobgoblin.
A hobgoblin is nearby!
A hobgoblin is nearby!
You hit the hobgoblin. The hobgoblin hits you.
You hit the hobgoblin.
You kill the hobgoblin! 😕 HP[-3]
You take 3 damage, and now have 21/24 hp.
There is an open door here.
You open the door.
There is an open door here.
Key pressed, stopping explore.
No target in view!
No target in view! 😎 HP[+3]
Your hp is fully restored (24).
g - 15 stones (gained 6)
Found a stone staircase leading down.
No target in view!
No target in view!
You open the door.
There is an open door here.
There is an open door here.
Key pressed, stopping explore.
No target in view!
No target in view!
You open the door.
There is an open door here.
There is an open door here.
Key pressed, stopping explore.
There is an escape hatch in the ceiling here.
There is an open door here.
Done exploring.
No target in view!
No target in view!
Done exploring.
No target in view!
No target in view!
Done exploring.
No target in view!
No target in view!
Done exploring.
There is a stone staircase leading up here.
There is a stone staircase leading down here.
You climb downwards.
The worm bites you!
There is a stone staircase leading up here. 😮 HP[-7]
You take 7 damage, and now have 17/24 hp.
MASSIVE DAMAGE!! (PAUSE)
You hit the worm. You hit the worm.
Casting: Ensorcelled Hibernation (safe; 14% risk of failure)
Confirm with . or Enter, or press ? or * to list all spells.
Aiming: Ensorcelled Hibernation (safe; 14% risk of failure)
Press: ? - help, Shift-Dir - straight line, f - worm
Aim: a worm (moderately wounded, chance to affect: 50%)
You miscast Ensorcelled Hibernation.
You are very lightly contaminated with residual magic.
Nothing appears to happen.
The worm bites you. 😮 HP[-4] MP[-2]
You take 4 damage, and now have 13/24 hp.
You lost 2 mp, and now have 4/6 mp.
Casting: Ensorcelled Hibernation (safe; 14% risk of failure)
Confirm with . or Enter, or press ? or * to list all spells.
Aiming: Ensorcelled Hibernation (safe; 14% risk of failure)
Press: ? - help, Shift-Dir - straight line, f/p - worm
Aim: a worm (moderately wounded, chance to affect: 50%)
The worm looks drowsy... 😮 MP[-2]
You lost 2 mp, and now have 2/6 mp.
Unknown command.
Casting: Ensorcelled Hibernation (safe; 14% risk of failure)
Confirm with . or Enter, or press ? or * to list all spells.
You can't see any susceptible monsters within range! (Use Z to cast anyway.)
The helpless worm fails to defend itself.
You impale the worm!!
You kill the worm!
Unknown command.
Are you sure you want to abandon this character and quit the game? (Confirm with "yes".)

Skill      XL: |  1  2  3 |
---------------+----------+-----
Short Blades   | 1 2 |  2.2
Stealth        | 3 |  3.1
Dodging        | |  1.7
Spellcasting   | |  2.3
Hexes          | |  3.3
Ice Magic      | |  0.6

Action                     || total
---------------------------++-------
  Melee: Dagger            ||   130
   Cast: Ensorcelled Hiber ||     6
    Use: Scroll            ||     1
   Stab: Sleeping          ||     5
 Armour: Robe              ||    77
  Dodge: Dodged            ||   126

Levels and vault maps discovered:
D:1:      tarquinn_simple_flora_water_f, layout_rooms, minmay_misc_feat_chi,
          minmay_octomino_e4
D:2:      layout_basic, dreamdust_ecumenical_altar_statues
D:3:      layout_loops_ring, nemelex_xobeh_ov_fountains_minmay,
          hangedman_decor_peaks_small, pf_guarded_unrand_meek,
          uniq_crazy_yiuf_cottage, uniq_jessica, uniq_ijyb, uniq_terence
D:4:      kennysheep_slugbush, layout_gridville,
          mainiacjoe_overflow_tiny_flanked, yredelemnul_altar_generic,
          minmay_temple_entry_tees

Notes
Turn   | Place    | Note
-------+----------+-------------------------------------------
     0 | D:1      | kae the Demonspawn Enchanter began the quest for the Orb.
     0 | D:1      | Reached XP level 1. HP: 13/13 MP: 3/3
     0 | D:1      | magus.rc [v1.11.3]
    22 | D:1      | Reached skill level 1 in Short Blades
   107 | D:1      | Gained mutation: You may rarely emit foul miasma when
                  | damaged in melee. [demonic ancestry]
   107 | D:1      | Reached XP level 2. HP: 14/19 MP: 5/5
   115 | D:1      | Learned a level 2 spell: Ensorcelled Hibernation
   551 | D:2      | Found a faded altar of an unknown god.
   558 | D:2      | You fall into a shaft and drop 2 floors!
   638 | D:3      | Reached skill level 3 in Stealth
   640 | D:3      | HP: 2/19 [quokka (3)]
   649 | D:3      | Gained mutation: A weak demonic guardian rushes to your
                  | aid. [demonic ancestry]
   649 | D:3      | Reached XP level 3. HP: 5/24 MP: 2/6
   920 | D:2      | You pick up a book of Iron and begin reading...
   920 | D:2      | You add the spells Summon Lightning Spire, Animate Armour
                  | and Lee's Rapid Deconstruction to your library.
  1088 | D:2      | Reached skill level 2 in Short Blades
  1092 | D:2      | HP: 6/24 [frozen (3)]
  1489 | D:3      | Quit the game

Vanquished Creatures
  2 adders
  A worm (D:3)
  2 dart slugs
  A ball python (D:1)
  3 bats
  4 endoplasms
  3 giant cockroaches
  A goblin (D:2)
  2 hobgoblins (D:2)
  4 jackals (D:1)
  4 kobolds
  A quokka (D:3)
  3 rats (D:2)
31 creatures vanquished.

Vanquished Creatures (collateral kills)
  A goblin (D:2)
1 creature vanquished.

Grand Total: 32 creatures vanquished

Table legend:
 A = Non-vault XP
 B = Vault XP
 C = Vault XP percentage of total XP
 D = Non-vault monster count
 E = Vault monster count
 F = Vault count percentage of total count
                 A         B        C        D         E       F
            +---------+---------+-------+---------+---------+-------
      Total |      75 |      10 |  11.8 |      28 |       4 |  12.5
            +---------+---------+-------+---------+---------+-------
        D:1 |      14 |       6 |  30.0 |       7 |       3 |  30.0
        D:2 |      41 |       0 |   0.0 |      17 |       0 |   0.0
        D:3 |      18 |       0 |   0.0 |       3 |       0 |   0.0
        D:4 |       2 |       4 |  66.7 |       1 |       1 |  50.0
            +---------+---------+-------+---------+---------+-------

Skill      XL: |  1  2  3 |
---------------+----------+-----
Short Blades   | 1 2 |  2.2
Stealth        | 3 |  3.1
Dodging        | |  1.7
Spellcasting   | |  2.3
Hexes          | |  3.3
Ice Magic      | |  0.6

Action                     || total
---------------------------++-------
  Melee: Dagger            ||   130
   Cast: Ensorcelled Hiber ||     6
    Use: Scroll            ||     1
   Stab: Sleeping          ||     5
 Armour: Robe              ||    77
  Dodge: Dodged            ||   126

Illustrated notes

Table legend:
 A = Kills in this place as a percentage of kills in the entire game.
 B = Kills by you in this place as a percentage of kills by you in the entire game.
 C = Kills by friends in this place as a percentage of kills by friends in the entire game.
 D = Other kills in this place as a percentage of other kills in the entire game.
 E = Experience gained in this place as a percentage of experience gained in the entire game.
 F = Experience gained in this place divided by the number of levels of this place that you have seen.
                   A       B       C       D       E      F
               +-------+-------+-------+-------+-------+----------------------
         Total | 100.0 | 100.0 | 100.0 |   N/A | 100.0 |  21.2
       Dungeon | 100.0 | 100.0 | 100.0 |   N/A | 100.0 |  21.2
               +-------+-------+-------+-------+-------+----------------------

Table legend: (Time is in decaauts)
 A = Elapsed time spent in this place.
 B = Non-inter-level travel time spent in this place.
 C = Inter-level travel time spent in this place.
 D = Time resting spent in this place.
 E = Time spent auto-exploring this place.
 F = Levels seen in this place.
 G = Mean time per level.
                   A        B        C        D        E       F      G
               +--------+--------+--------+--------+--------+-----+--------+
         Total |   1465 |   1409 |     56 |    227 |    901 |   4 |  366.2 |
       Dungeon |   1465 |   1409 |     56 |    227 |    901 |   4 |  366.2 |
               +--------+--------+--------+--------+--------+-----+--------+

Top non-repeatable levels by time:
     D:2: 873 daAuts
     D:1: 484 daAuts
     D:4: 77 daAuts
     D:3: 30 daAuts
